 Dungeon Crawl Stone Soup version 0.21-a0-496-g696f58f (webtiles) character file.

1348 slep the Slasher (level 8, -1/60 HPs)
             Began as a Demonspawn Gladiator on Nov 24, 2017.
             Was a Follower of Okawaru.
             Slain by an ogre
             ... wielding a +0 giant spiked club
              (15 damage)
             ... on level 6 of the Dungeon.
             The game lasted 00:18:16 (4094 turns).

slep the Slasher (Demonspawn Gladiator)             Turns: 4094, Time: 00:18:16

Health: -1/60      AC: 12    Str: 15    XL:     8   Next: 36%
Magic:  8/8        EV: 11    Int: 15    God:    Okawaru [*.....]
Gold:   223        SH:  0    Dex: 17    Spells: 7/7 levels left

rFire    . . .     SeeInvis .   q - +1 flail (venom)
rCold    + + .     Gourm    .   (no shield)
rNeg     . . .     Faith    .   y - +0 scale mail {rC+}
rPois    .         Spirit   .   (helmet restricted)
rElec    .         Reflect  .   (no cloak)
rCorr    .         Harm     .   e - +0 pair of gloves
MR       +....                  (no boots)
Stlth    +.........             (no amulet)
HPRegen  0.20/turn              C - +4 ring of intelligence
MPRegen  0.11/turn              (no ring)

@: no status effects
A: antennae 1, hooves 1, iridescent scales 2, agile 1, cold resistance 1, magic
resistance 1, powered by pain 2, spiny 1
a: Heroism, Renounce Religion


You were on level 6 of the Dungeon.
You worshipped Okawaru.
Okawaru was aware of your devotion.
You were not hungry.

You visited 2 branches of the dungeon, and saw 7 of its levels.

You collected 223 gold pieces.

Inventory:

Hand Weapons
 a - a +0 long sword
 q - a +1 flail of venom (weapon)
 r - a +2 dagger of freezing
 G - a +3 shortbow
Missiles
 B - 12 poisoned needles
Armour
 b - a +0 leather armour
 c - a +0 helmet
 e - a +0 pair of gloves (worn)
 j - a +1 leather armour of cold resistance
 t - a +2 buckler
 y - a +0 scale mail of cold resistance (worn)
 A - a +0 large shield
Jewellery
 C - a +4 ring of intelligence (left hand)
Wands
 n - a wand of iceblast (8)
 D - a wand of acid (3)
Scrolls
 g - 2 scrolls of blinking {unknown}
 h - a scroll of amnesia {unknown}
 k - 2 scrolls of fog {unknown}
 m - 4 scrolls of identify {unknown}
 o - 3 scrolls of magic mapping {unknown}
 p - 2 scrolls of teleportation {unknown}
 s - a scroll of remove curse {unknown}
 u - a scroll of immolation {unknown}
 x - 6 scrolls of fear {unknown}
Potions
 i - a potion of mutation
Books
 E - a book of Minor Magic

   Spells                             Type                      Level
   a - Magic Dart                     Conjuration                  1
   b - Blink                          Translocation                2
   c - Call Imp                       Summoning                    2
   d - Slow                           Hexes                        2
   e - Conjure Flame                  Conjuration/Fire             3
   f - Mephitic Cloud                 Conjuration/Poison/Air       3
Comestibles
 f - 3 bread rations
 l - a meat ration
 v - 3 chunks of flesh
 w - a royal jelly
 z - 6 fruits


   Skills:
 + Level 4.1 Fighting
 + Level 5.2 Long Blades
 + Level 4.0 Maces & Flails
 + Level 2.0 Throwing
 + Level 3.9 Armour
 + Level 3.8 Dodging
 + Level 2.2 Stealth
 + Level 2.0 Shields


You had 7 spell levels left.
You didn't know any spells.

Dungeon Overview and Level Annotations

Branches:
Dungeon (6/15)             Temple (1/1) D:4

Altars:
Cheibriados
Elyvilon
Fedhas
Nemelex Xobeh
Okawaru
Ru
Sif Muna
Uskayaw
Vehumet
Wu Jian
Yredelemnul
The Shining One


Innate Abilities, Weirdness & Mutations

You have a pair of small antennae on your head.
You are mostly covered in iridescent scales. (AC +4)
You sometimes gain power by taking damage.
You are partially covered in sharp spines.
You have large cloven feet.
You are agile. (Dex +2)
Your flesh is cold resistant. (rC+)
You are resistant to hostile enchantments. (MR+)


Message History

The bolt of electricity hits the plant.
The bolt of electricity hits you!
* * * LOW HITPOINT WARNING * * *
Things that are here:
a giant spiked club; an ogre corpse A jackal skeleton comes into view.
An ogre comes into view. It is wielding a giant spiked club.
The ogre shouts!
You hit the jackal skeleton.
The jackal skeleton is heavily damaged.
The jackal skeleton is struck by your spines.
You destroy the jackal skeleton!
Okawaru accepts your kill.
Throwing (i - inventory):
d - a throwing net (quivered)
Press: ? - help, Shift-Dir - straight line, f - ogre
Aim: an ogre, wielding a giant spiked club You throw a throwing net.
The throwing net completely misses the ogre.
There is a stone staircase leading up here.
The ogre hits you with a giant spiked club!
You die...

.# .. .# #######.##
#........# #........#
#......(?# .
#...@....# ..
#...O....# #.# ...#
#........# #.#
.....#........# ###.#
#>.........# #...
###..#)########.#.##
##
##.....)......#..###.
###.#######..##.....
#.# ##......##


You could see an ogre.

Vanquished Creatures
  Grinder (D:6)
  A phantom (D:5)
  2 centaurs
  An ogre (D:6)
  The ghost of sailingsnail the Firebug, an amateur GrFE (D:3)
  A bullfrog (D:6)
  4 howler monkeys
  2 hounds (D:4)
  A jelly (D:6)
  2 orc priests
  A bullfrog skeleton (D:6)
  An orc wizard (D:4)
  5 worker ants
  A killer bee zombie (D:6)
  A gnoll (D:1)
  4 adders
  A shadow imp (D:5)
  An ooze (D:1)
  An adder skeleton (D:6)
  An adder zombie (D:5)
  4 worms
  4 dart slugs
  5 leopard geckos
  10 orcs
  8 giant cockroaches
  9 goblins
  10 hobgoblins
  8 jackals
  10 kobolds
  A quokka (D:4)
  12 bats
  9 frilled lizards
  A jackal skeleton (D:6)
  4 rats
128 creatures vanquished.

Vanquished Creatures (others)
  A jackal (D:6)
1 creature vanquished.

Grand Total: 129 creatures vanquished

Notes
Turn   | Place    | Note
-------+----------+-------------------------------------------
     0 | D:1      | slep the Demonspawn Gladiator began the quest for the Orb.
     0 | D:1      | Reached XP level 1. HP: 16/16 MP: 1/1
    68 | D:1      | Reached skill level 3 in Long Blades
   106 | D:1      | Gained mutation: You are partially covered in sharp spines. [demonic ancestry]
   106 | D:1      | Reached XP level 2. HP: 20/22 MP: 2/2
   358 | D:1      | Gained mutation: You have a pair of small antennae on your head. [demonic ancestry]
   358 | D:1      | Reached XP level 3. HP: 26/27 MP: 3/3
   891 | D:2      | Reached XP level 4. HP: 33/33 MP: 4/4
  1061 | D:2      | Reached skill level 1 in Armour
  1179 | D:2      | Reached skill level 1 in Stealth
  1555 | D:3      | Noticed sailingsnail's ghost (amateur GrFE)
  1651 | D:4      | Noticed a centaur
  1664 | D:4      | Killed a centaur
  1664 | D:4      | Reached skill level 4 in Long Blades
  1664 | D:4      | Gained mutation: You are partially covered in iridescent scales. (AC +2) [demonic ancestry]
  1664 | D:4      | Reached XP level 5. HP: 2/39 MP: 5/5
  1966 | D:4      | Found a glowing golden altar of the Shining One.
  2052 | D:4      | Gained mutation: Your flesh is cold resistant. (rC+) [potion of mutation]
  2052 | D:4      | Gained mutation: You are resistant to hostile enchantments. (MR+) [potion of mutation]
  2052 | D:4      | Gained mutation: You have large cloven feet. [potion of mutation]
  2052 | D:4      | Gained mutation: You are agile. (Dex +2) [potion of mutation]
  2054 | D:4      | Gained mutation: You sometimes gain a little power by taking damage. [demonic ancestry]
  2054 | D:4      | Reached XP level 6. HP: 28/46 MP: 6/6
  2344 | D:4      | Found a staircase to the Ecumenical Temple.
  2357 | Temple   | Entered the Ecumenical Temple
  2397 | Temple   | Became a worshipper of Warmaster Okawaru
  2511 | D:4      | Reached skill level 5 in Long Blades
  2662 | D:4      | Found a radiant altar of Vehumet.
  3076 | D:3      | Found an iron altar of Okawaru.
  3196 | D:3      | Gained mutation: You sometimes gain power by taking damage. [demonic ancestry]
  3196 | D:3      | Reached XP level 7. HP: 27/51 MP: 7/7
  3286 | D:3      | Reached skill level 1 in Maces & Flails
  3389 | D:3      | Found a faded altar of an unknown god.
  3622 | D:3      | Killed sailingsnail's ghost
  3622 | D:3      | Reached * piety under Okawaru
  3688 | D:5      | Entered Level 5 of the Dungeon
  3714 | D:5      | Found a sparkling altar of Nemelex Xobeh.
  3907 | D:6      | Reached skill level 1 in Shields
  3954 | D:6      | Noticed Grinder
  3984 | D:6      | HP: 2/53 [ogre/giant spiked club (16)]
  3995 | D:6      | Gained mutation: You are mostly covered in iridescent scales. (AC +4) [demonic ancestry]
  3995 | D:6      | Reached XP level 8. HP: 17/60 MP: 8/8
  4011 | D:6      | Killed Grinder
  4094 | D:6      | Slain by an ogre

Vault maps used:
D:1:      lemuel_arrival_river_ford, minmay_tall_x
D:2:      first_bread
D:3:      chequers_ecumenical_altar_twisty, okawaru_metal_pillars_3
D:4:      nicolae_tso_carved_into_rock, old_standard_altar, temple_fountains
D:5:      nemelex_xobeh_ov_fountains_minmay, roderic_lattice_a, uniq_edmund
D:6:      portal_sewer_entry_e, hangedman_abyss_or_decor_stagger,
          serial_bayou_lake_a, uniq_grinder
Temple:   regret_index_temple_waves

Skill      XL: |  1  2  3  4  5  6  7  8 |
---------------+-------------------------+-----
Long Blades    | 3 4 5 |  5.2
Dodging        | 3 |  3.8
Armour         | 1 2 3 |  3.9
Stealth        | 1 2 |  2.2
Fighting       | 3 4 |  4.1
Maces & Flails | 3 4 |  4.0
Shields        | 1 2 |  2.0
Throwing       | 2 |  2.0

Action                   |  1- 3 |  4- 6 |  7- 9 || total
-------------------------+-------+-------+-------++-------
Melee: Long sword        |    77 |    62 |       ||   139
       Flail             |       |    32 |    78 ||   110
       Kick              |       |    11 |    22 ||    33
Throw: Throwing net      |       |       |     4 ||     4
  Use: Potion            |       |     2 |     3 ||     5
 Stab: Sleeping          |     3 |     2 |       ||     5
       Held in net/web   |       |       |     1 ||     1
  Eat: Chunk             |       |     7 |     3 ||    10
Armor: Leather armour    |    20 |    18 |       ||    38
       Scale mail        |       |    19 |    46 ||    65
Dodge: Dodged            |    56 |    68 |    19 ||   143
Block: Large shield      |       |    11 |    39 ||    50
       Rpst.: Long sword |    20 |    12 |       ||    32

Table legend:
 A = Spawn XP
 B = Non-spawn XP
 C = Spawn XP percentage of total XP
 D = Spawn monster count
 E = Non-spawn monster count
 F = Spawn count percentage of total count
 G = Total turns spent on level
                    A         B        C        D         E        F      G
               +---------+---------+-------+---------+---------+-------+---------
         Total |       0 |    1926 |   0.0 |       0 |     128 |   0.0 |  4094
               +---------+---------+-------+---------+---------+-------+---------
           D:1 |       0 |      62 |   0.0 |       0 |      26 |   0.0 |   627
           D:2 |       0 |      68 |   0.0 |       0 |      29 |   0.0 |   871
           D:3 |       0 |     277 |   0.0 |       0 |      34 |   0.0 |   659
           D:4 |       0 |     515 |   0.0 |       0 |      19 |   0.0 |  1446
           D:5 |       0 |     149 |   0.0 |       0 |       5 |   0.0 |   230
           D:6 |       0 |     855 |   0.0 |       0 |      15 |   0.0 |   176
               +---------+---------+-------+---------+---------+-------+---------
